MLB
OAKLAND ATHLETICS @ DETROIT TIGERS
03/23/2099
 
TOP OF THE 1ST
Oakland Athletics batting - Pitching for Detroit Tigers : RHP Blake Dickerson
Pitching: RHP Blake Dickerson
Batting: LHB Ryan Tipton 0-0: Called Strike
0-1: Swinging Strike
0-2: Fly out, F7 (Flyball, 7S, EV 78.1 MPH)
Batting: RHB Joey George 0-0: SINGLE (Line Drive, 89S, EV 110.0 MPH)
Batting: LHB Pat Wilson 0-0: Ball
1-0: Called Strike
1-1: Ball
2-1: Ball
3-1: Fly out, F8 (Flyball, 8LD, EV 92.5 MPH)
Batting: LHB Ivan Suarez 0-0: Foul Ball, location: 2F
0-1: Ball
1-1: Ground out U3 (Groundball, 3, EV 104.4 MPH)
Top of the 1st over - 0 runs, 1 hit, 0 errors, 1 left on base; Oakland 0 - Detroit 0
BOTTOM OF THE 1ST
Detroit Tigers batting - Pitching for Oakland Athletics : RHP Dylan Mayes
Pitching: RHP Dylan Mayes
Batting: LHB Tim Wilson 0-0: Ball
1-0: Ground out U3 (Groundball, 3, EV 86.3 MPH)
Batting: LHB Denny Marshall 0-0: Swinging Strike
0-1: Called Strike
0-2: Strikes out swinging
Batting: LHB Jose Camacho 0-0: Ball
1-0: Fly out, F5 (Popup, 5, EV 63.1 MPH)
Bottom of the 1st over - 0 runs, 0 hits, 0 errors, 0 left on base; Oakland 0 - Detroit 0
TOP OF THE 2ND
Oakland Athletics batting - Pitching for Detroit Tigers : RHP Blake Dickerson
Batting: RHB Randy Fowler 0-0: Ball
1-0: Fly out, F9 (Flyball, 9, EV 90.0 MPH)
Batting: RHB Ben Celeste 0-0: Foul Ball, location: 3DF
0-1: Ball
1-1: Ball
2-1: SINGLE (Line Drive, 7S, EV 86.3 MPH)
Batting: RHB David Reichel 0-0: Called Strike
0-1: Called Strike
0-2: Ball
1-2: Foul Ball, location: 5F
1-2: Ball
2-2: Strikes out swinging
Batting: LHB Gene Del Vecchio 0-0: Ball
1-0: Foul Ball, location: 9LDF
1-1: Called Strike
1-2: Strikes out swinging
Top of the 2nd over - 0 runs, 1 hit, 0 errors, 1 left on base; Oakland 0 - Detroit 0
BOTTOM OF THE 2ND
Detroit Tigers batting - Pitching for Oakland Athletics : RHP Dylan Mayes
Batting: LHB Philip Clark 0-0: Ground out 5-3 (Groundball, 56, EV 93.1 MPH)
Batting: RHB Allan Alessi 0-0: Fly out, F8 (Flyball, 89M, EV 96.3 MPH)
Batting: RHB Edgar Navarrete 0-0: Ball
1-0: Foul Ball, location: 9LSF
1-1: Called Strike
1-2: Ball
2-2: SINGLE (Line Drive, 78S, EV 101.9 MPH)
Batting: RHB Jon Robinson 0-0: Ball
1-0: Foul Ball, location: 2F
1-1: Hit by Pitch
Edgar Navarrete to second
Batting: RHB Jake Henson 0-0: Called Strike
0-1: Fly out, F4 (Line Drive, 4, EV 72.5 MPH)
Bottom of the 2nd over - 0 runs, 1 hit, 0 errors, 2 left on base; Oakland 0 - Detroit 0
TOP OF THE 3RD
Oakland Athletics batting - Pitching for Detroit Tigers : RHP Blake Dickerson
Batting: RHB Tom Karr 0-0: Foul Ball, location: 25F
0-1: Ball
1-1: Foul Ball, location: 2F
1-2: Fly out, F4 (Line Drive, 4MD, EV 68.1 MPH)
Batting: LHB Ryan Tipton 0-0: TRIPLE (Flyball, 78XD, EV 99.4 MPH)
Batting: RHB Joey George 0-0: Ball
1-0: DOUBLE (Line Drive, 9LS, EV 93.1 MPH)
Ryan Tipton scores
Batting: LHB Pat Wilson 0-0: Called Strike
0-1: Swinging Strike
0-2: SINGLE (Line Drive, 6MD, EV 100.0 MPH)
Joey George to third
Runner from 3rd tries for Home, SAFE, throw by CF to home
Batting: LHB Ivan Suarez 0-0: Called Strike
0-1: Ball
1-1: Ball
2-1: Foul Ball, location: 9LDF
2-2: Ball
3-2: Strikes out swinging
Batting: RHB Randy Fowler 0-0: Fly out, F9 (Line Drive, 9, EV 87.5 MPH)
Top of the 3rd over - 2 runs, 3 hits, 0 errors, 1 left on base; Oakland 2 - Detroit 0
BOTTOM OF THE 3RD
Detroit Tigers batting - Pitching for Oakland Athletics : RHP Dylan Mayes
Batting: RHB Ed Hochstetler 0-0: Ball
1-0: Ball
2-0: SINGLE (Groundball, 6D, EV 103.8 MPH)
Batting: LHB Tim Wilson 0-0: Called Strike
0-1: Fly out, F9 (Line Drive, 9S, EV 91.9 MPH)
Batting: LHB Denny Marshall 0-0: Called Strike
0-1: Swinging Strike
0-2: Ball
1-2: Strikes out swinging
Batting: LHB Jose Camacho 0-0: Called Strike
0-1: Swinging Strike
0-2: Ball
1-2: Foul Ball, location: 7LSF
1-2: Ball
2-2: Fly out, F4 (Popup, 34D, EV 45.0 MPH)
Bottom of the 3rd over - 0 runs, 1 hit, 0 errors, 1 left on base; Oakland 2 - Detroit 0
TOP OF THE 4TH
Oakland Athletics batting - Pitching for Detroit Tigers : RHP Blake Dickerson
Batting: RHB Ben Celeste 0-0: Ball
1-0: Ball
2-0: Ball
3-0: Called Strike
3-1: Ground out 5-3 (Groundball, 56, EV 98.8 MPH)
Batting: RHB David Reichel 0-0: Foul Ball, location: 7LMF
0-1: Called Strike
0-2: Ball
1-2: Strikes out swinging
Batting: LHB Gene Del Vecchio 0-0: Called Strike
0-1: Ball
1-1: Ball
2-1: Ball
3-1: Swinging Strike
3-2: Strikes out swinging
Top of the 4th over - 0 runs, 0 hits, 0 errors, 0 left on base; Oakland 2 - Detroit 0
BOTTOM OF THE 4TH
Detroit Tigers batting - Pitching for Oakland Athletics : RHP Dylan Mayes
Batting: LHB Philip Clark 0-0: Called Strike
0-1: Ground out 4-3 (Groundball, 4, EV 92.5 MPH)
Batting: RHB Allan Alessi 0-0: Swinging Strike
0-1: SINGLE (Line Drive, 7S, EV 103.8 MPH)
Batting: RHB Edgar Navarrete 0-0: Ball
1-0: Grounds into double play, 5-4-3 (Groundball, 56, EV 110.0 MPH)
Bottom of the 4th over - 0 runs, 1 hit, 0 errors, 0 left on base; Oakland 2 - Detroit 0
TOP OF THE 5TH
Oakland Athletics batting - Pitching for Detroit Tigers : RHP Blake Dickerson
Now at 2B: Donald Nohl
Now at SS: Jon Robinson
Now in LF: Justin Kenworthy
Batting: RHB Tom Karr 0-0: Ball
1-0: Swinging Strike
1-1: Ball
2-1: Ball
3-1: DOUBLE (Flyball, 8RD, EV 111.3 MPH)
Batting: LHB Ryan Tipton 0-0: Ball
1-0: Bunted foul
1-1: Sac Bunt to 15 - play at first, batter OUT! 1-4
Tom Karr to third
Batting: RHB Joey George 0-0: Ground out 6-3 (Groundball, 6, EV 83.1 MPH)
Pinch Hitting: LHB Chris West 0-0: Swinging Strike
0-1: Called Strike
0-2: Strikes out swinging
Top of the 5th over - 0 runs, 1 hit, 0 errors, 1 left on base; Oakland 2 - Detroit 0
BOTTOM OF THE 5TH
Detroit Tigers batting - Pitching for Oakland Athletics : RHP Dylan Mayes
Now at 1B: Chris West
Now at 3B: Aaron Champion
Now in RF: Kyle O'Connor
Batting: RHB Jon Robinson 0-0: Foul Ball, location: 23F
0-1: Ball
1-1: Ball
2-1: SINGLE (Line Drive, 34D, EV 96.3 MPH)
Batting: RHB Jake Henson 0-0: Foul Ball, location: 2LF
0-1: Called Strike
0-2: Ball
1-2: Ball
2-2: Foul Ball, location: 2LF
2-2: Ball
3-2: Base on Balls
Jon Robinson to second
Batting: RHB Ed Hochstetler 0-0: Ball
1-0: Ball
2-0: Foul Ball, location: 2F
2-1: Called Strike
2-2: Foul Ball, location: 5F
2-2: Strikes out swinging
Pitching: RHP Ken Iddiols
Batting: LHB Tim Wilson 0-0: Grounds into double play, 3-6-3 (Groundball, 3, EV 101.3 MPH)
Bottom of the 5th over - 0 runs, 1 hit, 0 errors, 1 left on base; Oakland 2 - Detroit 0
TOP OF THE 6TH
Oakland Athletics batting - Pitching for Detroit Tigers : RHP Blake Dickerson
Pitching: RHP Jeremy Coffen
Batting: SHB John Gilley 0-0: Foul Ball, location: 3FF
0-1: Ball
1-1: Ground out 4-3 (Groundball, 4, EV 85.6 MPH)
Batting: RHB Randy Fowler 0-0: Called Strike
0-1: Ball
1-1: Foul Ball, location: 5F
1-2: Ground out 5-3 (Groundball, 56, EV 100.0 MPH)
Pinch Hitting: LHB Billy Stengel 0-0: Foul Ball, location: 23FF
0-1: Swinging Strike
0-2: Foul Ball, location: 25F
0-2: Fly out, F9 (Flyball, 9, EV 89.4 MPH)
Top of the 6th over - 0 runs, 0 hits, 0 errors, 0 left on base; Oakland 2 - Detroit 0
BOTTOM OF THE 6TH
Detroit Tigers batting - Pitching for Oakland Athletics : RHP Ken Iddiols
Pitching: RHP Keith Rasmussen
Now at C: Corey Springer
Now in LF: Greg Horst
Now in CF: Kyle O'Connor
Now in RF: Steve Witmer
Batting: RHB Donald Nohl 0-0: Called Strike
0-1: Ball
1-1: Foul Ball, location: 5F
1-2: Strikes out swinging
Batting: LHB Nick Penix 0-0: Called Strike
0-1: Foul Ball, location: 23FF
0-2: Strikes out looking
Pinch Hitting: RHB Francisco Salto 0-0: Foul Ball, location: 23FF
0-1: Foul Ball, location: 2F
0-2: Foul Ball, location: 2F
0-2: Ball
1-2: DOUBLE (Flyball, 8LXD, EV 94.4 MPH)
Batting: LHB Justin Kenworthy 0-0: Ball
1-0: Ball
2-0: Ball
3-0: Called Strike
3-1: Swinging Strike
3-2: Foul Ball, location: 7LSF
3-2: Base on Balls
Pinch Hitting: SHB Mike Knighten 0-0: Called Strike
0-1: Ball
1-1: Fly out, F7 (Flyball, 7, EV 99.4 MPH)
Bottom of the 6th over - 0 runs, 1 hit, 0 errors, 2 left on base; Oakland 2 - Detroit 0
TOP OF THE 7TH
Oakland Athletics batting - Pitching for Detroit Tigers : RHP Jeremy Coffen
Pitching: RHP John Young
Now at C: Carlos Fraire
Now at 1B: Mike Knighten
Now in RF: Francisco Salto
Batting: RHB David Reichel 0-0: Called Strike
0-1: Foul Ball, location: 9LDF
0-2: Ball
1-2: Ball
2-2: Ball
3-2: Strikes out looking
Batting: LHB Steve Witmer 0-0: Called Strike
0-1: Foul Ball, location: 9LMF
0-2: Foul Ball, location: 2F
0-2: Ball
1-2: Hit by Pitch
Batting: LHB Kyle O'Connor 0-0: Swinging Strike
0-1: Ball
1-1: Ball
2-1: Fly out, F9 (Line Drive, 89S, EV 91.9 MPH)
Batting: SHB Aaron Champion 0-0: Called Strike
Steve Witmer steals 2nd base
0-1: Ball
1-1: Called Strike
1-2: Ground out 5-3 (Groundball, 56, EV 101.3 MPH)
Top of the 7th over - 0 runs, 0 hits, 0 errors, 1 left on base; Oakland 2 - Detroit 0
BOTTOM OF THE 7TH
Detroit Tigers batting - Pitching for Oakland Athletics : RHP Keith Rasmussen
Pitching: RHP Steven Cadmus
Batting: RHB Jon Robinson 0-0: Ball
1-0: Foul Ball, location: 2F
1-1: Ball
2-1: Ball
3-1: Called Strike
3-2: Foul Ball, location: 2F
3-2: SINGLE (Groundball, 4MD, EV 95.0 MPH)
Pinch Hitting: LHB Jason Schneider 0-0: Ball
1-0: Fly out, F4 (Popup, 4S, EV 65.6 MPH)
Batting: RHB Carlos Fraire 0-0: Ball
1-0: Called Strike
1-1: Called Strike
1-2: Fly out, F7 (Flyball, 78S, EV 91.9 MPH)
Batting: LHB Tim Wilson 0-0: Called Strike
0-1: Ball
1-1: Ball
2-1: SINGLE (Line Drive, 34, EV 100.6 MPH)
Jon Robinson to second
Batting: RHB Donald Nohl 0-0: Called Strike
0-1: Ground out 4-3 (Groundball, 4, EV 103.8 MPH)
Bottom of the 7th over - 0 runs, 2 hits, 0 errors, 2 left on base; Oakland 2 - Detroit 0
TOP OF THE 8TH
Oakland Athletics batting - Pitching for Detroit Tigers : RHP John Young
Pitching: RHP Chuck Watts
Now in CF: Jason Schneider
Batting: RHB Greg Horst 0-0: Called Strike
0-1: Ball
1-1: Swinging Strike
1-2: Ball
2-2: Strikes out looking
Batting: LHB Chris West 0-0: Called Strike
0-1: Fly out, F1 (Line Drive, P, EV 71.3 MPH)
Batting: SHB John Gilley 0-0: Fly out, F5 (Popup, 5S, EV 75.0 MPH)
Top of the 8th over - 0 runs, 0 hits, 0 errors, 0 left on base; Oakland 2 - Detroit 0
BOTTOM OF THE 8TH
Detroit Tigers batting - Pitching for Oakland Athletics : RHP Steven Cadmus
Pitching: RHP Mario Rodriguez
Batting: LHB Nick Penix 0-0: Ball
1-0: Swinging Strike
1-1: Called Strike
1-2: Strikes out swinging
Batting: RHB Francisco Salto 0-0: Ball
1-0: Fly out, F8 (Flyball, 89M, EV 88.1 MPH)
Batting: LHB Justin Kenworthy 0-0: Ball
1-0: Swinging Strike
1-1: Ball
2-1: Called Strike
2-2: Foul Ball, location: 5F
2-2: Ball
3-2: Fly out, F8 (Flyball, 8RM, EV 93.8 MPH)
Bottom of the 8th over - 0 runs, 0 hits, 0 errors, 0 left on base; Oakland 2 - Detroit 0
TOP OF THE 9TH
Oakland Athletics batting - Pitching for Detroit Tigers : RHP Chuck Watts
Pitching: LHP Victor Casas
Batting: RHB Randy Fowler 0-0: Called Strike
0-1: Ball
1-1: Fly out, F8 (Flyball, 89M, EV 95.6 MPH)
Batting: RHB Corey Springer 0-0: Foul Ball, location: 25FF
0-1: Foul Ball, location: 9LSF
0-2: Strikes out looking
Batting: RHB David Reichel 0-0: Ball
1-0: Called Strike
1-1: Foul Ball, location: 2F
1-2: Ball
2-2: Strikes out looking
Top of the 9th over - 0 runs, 0 hits, 0 errors, 0 left on base; Oakland 2 - Detroit 0
BOTTOM OF THE 9TH
Detroit Tigers batting - Pitching for Oakland Athletics : RHP Mario Rodriguez
Pitching: RHP Manuel Vasquez
Batting: SHB Mike Knighten 0-0: Ball
1-0: Fly out, F6 (Line Drive, 6, EV 71.3 MPH)
Batting: RHB Jon Robinson 0-0: Ball
1-0: Ball
2-0: Foul Ball, location: 7LSF
2-1: Ball
3-1: Foul Ball, location: 23F
3-2: Base on Balls
Batting: LHB Jason Schneider 0-0: Swinging Strike
0-1: Swinging Strike
0-2: Foul Ball, location: 7LDF
0-2: Strikes out swinging
Batting: RHB Carlos Fraire 0-0: Ball
1-0: Called Strike
1-1: Ball
2-1: SINGLE (Line Drive, 8RS, EV 94.4 MPH)
Jon Robinson to second
Batting: LHB Tim Wilson 0-0: Ball
1-0: Ball
2-0: Fielders Choice at 2nd, 6-4 (Groundball, 6, EV 83.8 MPH)
Bottom of the 9th over - 0 runs, 1 hit, 0 errors, 2 left on base; Oakland 2 - Detroit 0
Wednesday, May 1st , 2024 - OOTP Baseball 24.11 Build 85